 Dungeon Crawl Stone Soup version 0.13.0-25-g43d4df3 (webtiles) character file.

1521 Psiweapon the Skirmisher (level 8, -1/48 HPs)
             Began as a Gargoyle Artificer on Oct 25, 2013.
             Slain by an orc warrior
             ... wielding a +0,+1 orcish long sword
              (8 damage)
             ... on Level 6 of the Dungeon on Oct 28, 2013.
             The game lasted 00:36:31 (5851 turns).

Psiweapon the Skirmisher (Gargoyle Artificer)       Turns: 5851, Time: 00:36:31

HP  -1/48        AC 17     Str 15      XL: 8   Next: 82%
MP  14/14        EV  6     Int 15      God:
Gold 18          SH  0     Dex 10      Spells:  0 memorised, 13 levels left

Res.Fire  : . . .   See Invis. : .   s - +2,+1 morningstar
Res.Cold  : . . .   Warding    : .   v - +0 elf chain mail
Life Prot.: + . .   Conserve   : +   (no shield)
Res.Poison: +       Res.Corr.  : .   T - +1 helmet
Res.Elec. : +       Clarity    : .   h - +0 dwarf cloak
Sust.Abil.: . .     Spirit.Shd : .   (no gloves)
Res.Mut.  : .       Stasis     : .   (no boots)
Res.Rott. : +       Flight     : .   k - amulet of conservation
Saprovore : . . .                    (no ring)
                                     (no ring)

@: slightly resistant to hostile enchantments, extremely unstealthy
A: fangs 1, talons 2, life protection 1, electricity resistance, slow metabolism
1, unbreathing, petrification resistance, AC +5
a: no special abilities


You were on level 6 of the Dungeon.
You were not hungry.

You visited 1 branch of the dungeon, and saw 6 of its levels.

You collected 138 gold pieces.
You spent 140 gold pieces at shops.

Inventory:

Hand weapons
 a - a +0,+0 short sword
 g - a +0,+0 short sword
 s - a +2,+1 morningstar (weapon)
 y - a +0,+0 mace
 E - a +1,+1 dwarven war axe of chopping
 L - a +2,+1 elven spear (quivered)
Armour
 e - a +0 leather armour
 h - a +0 dwarven cloak (worn)
 o - a +0 shield
 v - a +0 elven chain mail (worn)
 J - a +2 leather armour of poison resistance
 K - a +0 elven ring mail
 T - a +1 helmet (worn)
Magical devices
 b - a wand of flame (4)
 c - a wand of enslavement (0)
 d - a wand of random effects (0)
 q - a wand of random effects (0)
 H - a wand of invisibility (0)
Comestibles
 f - 3 bread rations
 j - a royal jelly
 m - an apricot
 w - 2 chokos
 I - 2 meat rations
Scrolls
 p - a scroll of identify
 M - 2 scrolls of teleportation
Jewellery
 k - an amulet of conservation (around neck)
Potions
 n - 2 potions of flight
 x - a potion of brilliance
 A - a potion of might
 C - a potion of heal wounds
 D - 2 potions of curing
 F - a potion of speed
 G - 2 potions of agility


   Skills:
 + Level 6.7 Fighting
 - Level 1.1 Short Blades
 + Level 5.9 Maces & Flails
 + Level 2.6 Armour
 - Level 3.0 Dodging
 + Level 3.7 Stealth
 - Level 3.1 Spellcasting
 - Level 3.0 Evocations


You had 13 spell levels left.
You didn't know any spells.

Dungeon Overview and Level Annotations

Branches:
Dungeon (6/27)
 Temple: D:4-7          Orc: D:6-11

Altars:
Cheibriados
Fedhas
Makhleb
Nemelex Xobeh
Trog
Yredelemnul
the Shining One

Shops:
D:6 !


Innate Abilities, Weirdness & Mutations

You are resistant to torment.
You are immune to poison.
Your stone body is very resilient (AC +5).
You have very sharp teeth.
You have razor-sharp toenails.
You resist negative energy.
You are resistant to electric shocks.
You have a slow metabolism.
You can survive without breathing.
You are immune to petrification.


Message History

The orc completely misses you.
You sock the orc!
You kill the orc!
Things that are here:
an orcish hand axe; an orc corpse; a dart You hit the orc but do no damage.
You claw the orc, but do no damage. The orc hits you but does no damage.
The orc warrior hits you with an orcish long sword!
Your chain mail prevents you from hitting the orc warrior.
The orc hits you but does no damage.
The orc warrior hits you with an orcish long sword!
* * * LOW HITPOINT WARNING * * *
Your chain mail prevents you from hitting the orc warrior.
Your bite misses the orc warrior. The orc hits you but does no damage.
The orc warrior closely misses you.
You closely miss the orc warrior. Your kick misses the orc warrior.
The orc hits you with an orcish war axe.
* * * LOW HITPOINT WARNING * * *
The orc warrior hits you with an orcish long sword!
You die...

########©# #......#.# ****
#......#.# #A#* #......#.# ####
######### #......#.## §.§#
#....<..# #.........# ._.#
#.......# #.........##### §.§#
#.......###.o..[........####
...###..........@o...............
§.§##.......<###.........###.####
.%.##....................# #.#
#'###.#################### #.#
....#.######## #>#
.............####### #(#
....#..............#########(####
#'###.......................(..(#
...##..............#####........#


You could see an orc warrior and an orc.

Vanquished Creatures
  Eustachio (D:4)
  A sky beast (D:5)
  A phantom (D:6)
  A crocodile (D:6)
  A water moccasin (D:6)
  The ghost of wormskull the Ruinous, an average MfCj of Elyvilon (D:4)
  2 giant frogs
  The ghost of Psiweapon the Insei, a weakling DsTm (D:3)
  A hound (D:6)
  A centaur zombie (D:5)
  2 crimson imps (D:6)
  2 orc wizards (D:3)
  2 orc priests
  2 scorpions
  3 iguanas
  4 worker ants
  Terence (D:2)
  3 gnolls (D:6)
  11 adders
  3 worms
  2 giant eyeballs (D:5)
  6 giant geckos
  2 oozes
  13 orcs
  9 giant cockroaches
  11 hobgoblins
  14 jackals
  5 kobolds
  4 quokkas
  8 bats
  6 giant newts
  11 goblins
  A goblin skeleton (D:4)
  A hobgoblin skeleton (D:5)
  2 quokka skeletons
  6 rats
  2 rat skeletons
147 creatures vanquished.

Vanquished Creatures (collateral kills)
  An ogre (D:4)
  3 gnolls (D:5)
  An ooze (D:4)
  A kobold (D:4)
  2 goblins (D:4)
8 creatures vanquished.

Vanquished Creatures (others)
  An orc wizard (D:3)
1 creature vanquished.

Grand Total: 156 creatures vanquished

Notes
Turn   | Place    | Note
--------------------------------------------------------------
     0 | D:1      | Psiweapon, the Gargoyle Artificer, began the quest for the Orb.
     0 | D:1      | Reached XP level 1. HP: 12/12 MP: 1/1
    96 | D:1      | Reached skill level 1 in Short Blades
   136 | D:1      | Reached XP level 2. HP: 14/17 MP: 2/2
   899 | D:1      | Reached skill level 3 in Evocations
   899 | D:1      | Reached XP level 3. HP: 19/21 MP: 2/4
  1335 | D:2      | Noticed Terence
  1344 | D:2      | HP: 1/21 [Terence/morningstar (4)]
  1346 | D:2      | Killed Terence
  1715 | D:2      | Reached XP level 4. HP: 23/27 MP: 6/6
  1884 | D:2      | Reached skill level 1 in Maces & Flails
  2271 | D:3      | Reached XP level 5. HP: 31/31 MP: 7/7
  2348 | D:3      | Noticed Psiweapon's ghost (weakling DsTm)
  2358 | D:3      | Killed Psiweapon's ghost
  2451 | D:4      | Noticed Eustachio
  2458 | D:4      | Killed Eustachio
  2458 | D:4      | Reached skill level 1 in Armour
  2458 | D:4      | Reached XP level 6. HP: 28/36 MP: 9/9
  2780 | D:3      | Reached skill level 4 in Fighting
  3068 | D:4      | Noticed wormskull's ghost (average MfCj)
  3094 | D:4      | Killed wormskull's ghost
  3094 | D:4      | Reached skill level 1 in Spellcasting
  3094 | D:4      | Reached XP level 7. HP: 19/41 MP: 10/10
  3541 | D:4      | Noticed an ogre
  3549 | D:4      | Killed an ogre
  3907 | D:4      | Found a blossoming altar of Fedhas.
  3935 | D:4      | Found a burning altar of Makhleb.
  3935 | D:4      | Found a snail-covered altar of Cheibriados.
  3936 | D:4      | Found a sparkling altar of Nemelex Xobeh.
  3941 | D:4      | Found a bloodstained altar of Trog.
  4050 | D:5      | Entered Level 5 of the Dungeon
  4137 | D:5      | Paralysed by a giant eyeball for 4 turns
  4149 | D:5      | Reached skill level 5 in Fighting
  4258 | D:5      | Reached XP level 8. HP: 42/48 MP: 13/13
  4325 | D:5      | Reached skill level 5 in Maces & Flails
  4410 | D:5      | Paralysed by a giant eyeball for 4 turns
  4958 | D:6      | Upgraded the game from 0.13.0-19-g8e0b589 to 0.13.0-25-g43d4df3
  4977 | D:6      | Reached skill level 6 in Fighting
  4986 | D:6      | Found a basalt altar of Yredelemnul.
  4987 | D:6      | Noticed a profane servitor
  4991 | D:6      | Found a glowing golden altar of the Shining One.
  4992 | D:6      | Noticed an angel
  5094 | D:6      | Found Brezan's Distillery.
  5101 | D:6      | Bought 2 potions of paralysis for 20 gold pieces
  5101 | D:6      | Bought a potion of degeneration for 20 gold pieces
  5101 | D:6      | Bought 2 potions of confusion for 20 gold pieces
  5101 | D:6      | Bought 2 potions of flight for 60 gold pieces
  5101 | D:6      | Bought a potion of curing for 20 gold pieces
  5851 | D:6      | Slain by an orc warrior

Action                   |  1- 3 |  4- 6 |  7- 9 || total
-------------------------+-------+-------+-------++-------
Melee: Short sword       |    87 |       |       ||    87
       Mace              |    15 |       |       ||    15
       Morningstar       |     8 |   144 |   235 ||   387
       Spear             |       |       |    13 ||    13
Throw: Spear             |       |     5 |     8 ||    13
       Javelin           |       |     1 |    12 ||    13
Evoke: Wand              |    10 |    14 |    29 ||    53
  Use: Scroll            |       |       |    17 ||    17
       Potion            |       |       |     1 ||     1
